[Event "Titled Tuesday Blitz October 5 2021"]
[White "Droin, Augustin"]
[Black "Howell, David W L"]
[WhiteFideId "45105987"]
[BlackFideId "410608"]
[WhiteElo "2461"]
[BlackElo "2653"]
[Result "0-1"]
[Round "05"]
[TimeControl "180+1"]
[Date "2021.10.05"]
[WhiteClock "0:00:26"]
[BlackClock "0:01:09"]

1. e4 g5 2. d4 Bg7 3. Bxg5 c5 4. Be3 Qb6 5. Nc3 cxd4 6. Nd5 dxe3 7. Nxb6 exf2+ 8. Kxf2 axb6 9. c3 Nc6 10. Nf3 Nf6 11. Bd3 Ng4+ 12. Kg1 Rg8 13. Qe2 Ra5 14. h3 Nge5 15. Nxe5 Rxe5 16. Kf2 h5 17. Rhf1 Rg5 18. Kg1 d6 19. Kh1 Be5 20. Rf3 Be6 21. Raf1 f6 22. R1f2 Kd7 23. Bc4 Bxc4 24. Qxc4 Bg3 25. Re2 Ne5 26. Qb5+ Kc7 27. Rf5 h4 28. Rxg5 fxg5 29. Qd5 Rf8 30. Kg1 g4 31. Qe6 Kd8 32. hxg4 Rf4 33. g5 Ng4 34. g6 Bh2+ 35. Kh1 Rf1# 0-1


[Site "https://www.chess.com"]

[Event "Titled Tuesday Blitz October 5 2021"]
[White "Dudzinski, Pawel"]
[Black "Martinez Reyes, Pedro Ramon"]
[WhiteFideId "1117890"]
[BlackFideId "3901807"]
[WhiteElo "2193"]
[BlackElo "2410"]
[Result "0-1"]
[Round "05"]
[TimeControl "180+1"]
[Date "2021.10.05"]
[WhiteClock "0:00:03"]
[BlackClock "0:01:00"]

1. e4 c5 2. Nf3 Nc6 3. d4 cxd4 4. Nxd4 d5 5. Nxc6 bxc6 6. exd5 Qxd5 7. Qe2 e5 8. Nc3 Bb4 9. Bd2 Bxc3 10. Bxc3 f6 11. Rd1 Qe6 12. Qe4 Ne7 13. Bc4 Qg4 14. Qxg4 Bxg4 15. f3 Bf5 16. Rd2 Rd8 17. Kd1 Nd5 18. Ba5 Ne3+ 19. Ke2 Rxd2+ 20. Kxe3 Rxc2 21. Bc3 Rxg2 22. Be2 O-O 23. Be1 Rd8 24. Bg3 h5 25. Rc1 h4 26. Bxh4 Rxh2 27. Bf2 Rb8 28. b3 Bd7 29. Bc4+ Kh7 30. Bg3 Rh3 31. Kf2 g5 32. Kg2 Kg6 33. Rd1 Bf5 34. Bd3 Rh7 35. Bc4 Rd7 36. Rxd7 Bxd7 37. Bf2 a5 38. a4 Re8 39. Bb6 Be6 40. Bxe6 Rxe6 41. Bxa5 c5 42. b4 Ra6 43. bxc5 Rxa5 44. c6 Rc5 45. c7 Rxc7 0-1


[Site "https://www.chess.com"]

[Event "Titled Tuesday Blitz October 5 2021"]
[White "Dzhaparov, Medet"]
[Black "Quintiliano Pinto, Renato R."]
[WhiteFideId "13803689"]
[BlackFideId "2117568"]
[WhiteElo "1702"]
[BlackElo "2439"]
[Result "0-1"]
[Round "05"]
[TimeControl "180+1"]
[Date "2021.10.05"]
[WhiteClock "0:00:05"]
[BlackClock "0:00:21"]

1. d4 d5 2. c4 e6 3. Nc3 Nf6 4. cxd5 exd5 5. Bg5 c6 6. e3 Be7 7. Bd3 Nbd7 8. Qc2 Nh5 9. Bxe7 Qxe7 10. Nge2 Nb6 11. O-O-O Bd7 12. h3 g6 13. Rhe1 O-O-O 14. g4 Ng7 15. Nf4 Kb8 16. f3 h5 17. Kb1 hxg4 18. hxg4 g5 19. Ng2 Rh3 20. e4 Qf6 21. e5 Qxf3 22. Rf1 Qxg4 23. Rxf7 Nh5 24. Rxd7 Qxd7 25. Bf5 Rxc3 26. bxc3 Qe7 27. Rh1 Ng3 28. Rh7 Qf8 29. Ne3 Qa3 30. Qb3 Qa6 31. Bc2 Qe2 32. Nd1 Ne4 33. Rh3 Nd2+ 0-1


[Site "https://www.chess.com"]

[Event "Titled Tuesday Blitz October 5 2021"]
[White "Ferreira, Vitor Hugo Vieira"]
[Black "Iskusnyh, Sergei"]
[WhiteFideId "2119765"]
[BlackFideId "4120027"]
[WhiteElo "2216"]
[BlackElo "2492"]
[Result "0-1"]
[Round "05"]
[TimeControl "180+1"]
[Date "2021.10.05"]
[WhiteClock "0:00:08"]
[BlackClock "0:00:12"]

1. Nf3 d5 2. g3 Nf6 3. Bg2 c6 4. O-O Bf5 5. c4 e6 6. cxd5 exd5 7. d3 Be7 8. Nc3 O-O 9. Nd4 Bd7 10. e4 dxe4 11. dxe4 Na6 12. e5 Ne8 13. Qe2 Bc5 14. Nb3 Bb6 15. h4 Be6 16. Bg5 Qc7 17. Rad1 Bxb3 18. axb3 Nc5 19. b4 Ne6 20. b5 Nd4 21. Qg4 Qxe5 22. Rfe1 Qf5 23. Rxd4 Nd6 24. Qxf5 Nxf5 25. Rd3 h6 26. Bf4 Rad8 27. Rxd8 Rxd8 28. bxc6 bxc6 29. Bxc6 Nd4 30. Re8+ Rxe8 31. Bxe8 Ne6 32. Be3 Bxe3 33. fxe3 Kf8 34. Bc6 Ke7 35. Nb5 a5 36. Nd4 Nc5 37. Bb5 Kf6 38. Bc4 g5 39. hxg5+ hxg5 40. Nb3 Na4 41. Nxa5 Nxb2 42. Bb5 Nd1 43. Nc4 Nc3 44. Bc6 Kf5 45. Kf2 f6 46. Kf3 Ke6 47. g4 Nd1 48. Be4 Nc3 49. Bf5+ Kd5 50. Nd2 Ke5 51. Nc4+ Kd5 52. Nb6+ Kd6 53. Nc8+ Kd5 54. Ne7+ Kd6 55. Nc6 Kxc6 56. e4 Kd6 57. Ke3 Ke5 58. Bh7 Nb5 59. Bf5 Nd4 60. Bh7 Ne6 61. Bf5 Nf4 62. Bh7 Ng2+ 63. Kf3 Nh4+ 64. Ke3 Ng2+ 65. Kf3 Ne1+ 66. Ke3 Nc2+ 67. Kd3 Nb4+ 68. Ke3 Nc6 69. Bf5 Nb4 70. Bh7 Na6 71. Bf5 Nc5 72. Bh7 Nb7 73. Bf5 Nd6 74. Bh7 Ke6 75. Bf5+ Nxf5+ 76. gxf5+ Ke5 77. Kf3 Kd4 78. e5 Kxe5 79. Kg4 Ke4 80. Kh5 Kxf5 0-1


[Site "https://www.chess.com"]

[Event "Titled Tuesday Blitz October 5 2021"]
[White "Gaehwiler, Gabriel"]
[Black "Shuvalov, Evgenij"]
[WhiteFideId "1314530"]
[BlackFideId "4187237"]
[WhiteElo "2320"]
[BlackElo "2129"]
[Result "1-0"]
[Round "05"]
[TimeControl "180+1"]
[Date "2021.10.05"]
[WhiteClock "0:00:32"]
[BlackClock "0:00:14"]

1. d4 Nf6 2. c4 g6 3. Nf3 Bg7 4. g3 c6 5. Bg2 d5 6. cxd5 cxd5 7. O-O Ne4 8. Nc3 Nxc3 9. bxc3 Nc6 10. Bf4 O-O 11. Qc1 Bf5 12. Bh6 Rc8 13. Bxg7 Kxg7 14. Nh4 Nxd4 15. Qb2 Ne6 16. Rfd1 Rc5 17. c4+ d4 18. Bd5 b5 19. Bxe6 Bxe6 20. Rxd4 Qc7 21. cxb5 Kg8 22. a4 Rc2 23. Qb4 Rxe2 24. Ng2 Qc2 25. Ne3 Rxe3 26. fxe3 Bh3 27. Qd2 Qc5 28. Rc1 Qe5 29. Rh4 Bf5 30. Qd4 Qb8 31. Qb4 Qe5 32. Qc3 Qd6 33. Rd4 Qe6 34. Rc4 Rd8 35. Rd4 Re8 36. Kf2 Bh3 37. Qc6 Qf5+ 38. Rf4 Qd7 39. Qxd7 Bxd7 40. Rc7 Rd8 41. Rd4 Bxb5 42. Rxd8+ Kg7 43. axb5 1-0


[Site "https://www.chess.com"]

[Event "Titled Tuesday Blitz October 5 2021"]
[White "Garcia Blanco, Omar"]
[Black "Koellner, Ruben Gideon"]
[WhiteFideId "2287153"]
[BlackFideId "12993093"]
[WhiteElo "2291"]
[BlackElo "2557"]
[Result "1-0"]
[Round "05"]
[TimeControl "180+1"]
[Date "2021.10.05"]
[WhiteClock "0:00:11"]
[BlackClock "0:00:01"]

1. e4 d6 2. d4 Nf6 3. Nc3 e5 4. Nf3 Nbd7 5. Rg1 h6 6. g4 c6 7. h4 exd4 8. Nxd4 Ne5 9. f3 Qb6 10. Be2 d5 11. exd5 Nxd5 12. Nxd5 cxd5 13. c3 Bc5 14. Bf4 Nc6 15. Be3 Qxb2 16. Kf2 O-O 17. g5 h5 18. g6 fxg6 19. Rxg6 Ne5 20. Rb1 Qxa2 21. Ra1 Qb2 22. Rb1 Qxc3 23. Rc1 Qa5 24. Rxc5 Qxc5 25. Rxg7+ Kxg7 26. Ne6+ Bxe6 27. Bxc5 Rf5 28. Bd4 Kf7 29. Qa1 Ng4+ 30. Kg3 Nf6 31. Bd3 Rg8+ 32. Kf2 Rf4 33. Be5 Ng4+ 34. Ke2 Nxe5 35. Qxe5 Rg2+ 36. Ke3 Rf6 37. Qxh5+ Ke7 38. Qe5 a5 39. Qc7+ Bd7 40. Bb5 Re6+ 41. Kf4 Rd6 42. Qc5 Rg7 43. Bd3 Rf7+ 44. Ke3 d4+ 45. Kf2 Rf6 46. h5 Be6 47. Bg6 Bd5 48. Qc7+ Rd7 49. Qe5+ Re6 50. Qg5+ Kd6 51. h6 d3 52. Bxd3 Rf7 53. f4 Ref6 54. f5 Be6 55. Qg3+ Ke7 56. Qe5 1-0


[Site "https://www.chess.com"]

[Event "Titled Tuesday Blitz October 5 2021"]
[White "Girinath, P.D.S."]
[Black "Grafil, Franz Robert"]
[WhiteFideId "5000572"]
[BlackFideId "5205298"]
[WhiteElo "2333"]
[BlackElo "2211"]
[Result "1-0"]
[Round "05"]
[TimeControl "180+1"]
[Date "2021.10.05"]
[WhiteClock "0:01:32"]
[BlackClock "0:00:52"]

1. e4 e6 2. d3 d5 3. Nd2 Nf6 4. Ngf3 Nc6 5. Be2 e5 6. O-O Bd6 7. exd5 Nxd5 8. Nc4 O-O 9. Re1 Re8 10. h3 Bc5 11. c3 b5 12. Ncxe5 Nxe5 13. Nxe5 Rxe5 14. d4 Rxe2 15. Qxe2 Bf8 16. Qxb5 Be6 17. Bd2 Rb8 18. Qd3 Rxb2 19. c4 Nb6 20. d5 Rxd2 21. Qxd2 Nxc4 22. Qf4 Bxd5 23. Rad1 Bd6 24. Rxd5 1-0


[Site "https://www.chess.com"]

[Event "Titled Tuesday Blitz October 5 2021"]
[White "Golubev, Mikhail"]
[Black "Kovalchuk94"]
[WhiteFideId "14100983"]
[WhiteElo "2374"]
[BlackElo "2683"]
[Result "1-0"]
[Round "05"]
[TimeControl "180+1"]
[Date "2021.10.05"]
[WhiteClock "0:00:26"]
[BlackClock "0:00:02"]

1. e4 e5 2. Nf3 Nf6 3. Nc3 Nc6 4. d4 exd4 5. Nxd4 Bb4 6. Nxc6 bxc6 7. Bd3 d5 8. exd5 cxd5 9. O-O O-O 10. Bg5 Be6 11. Nb5 c5 12. a3 Ba5 13. b4 cxb4 14. Qe1 bxa3 15. Bxf6 gxf6 16. Qe3 f5 17. Rxa3 Bb4 18. Rb3 a5 19. Qg3+ Kh8 20. Qe5+ Kg8 21. Bxf5 Bxf5 22. Qxf5 Ra6 23. Rd1 Re8 24. g3 Re1+ 25. Rxe1 Bxe1 26. Rf3 f6 27. Nd4 Kh8 28. Qg4 1-0


[Site "https://www.chess.com"]

[Event "Titled Tuesday Blitz October 5 2021"]
[White "Goncalves, Ivan Mesquita V"]
[Black "Kezin, Roman"]
[WhiteFideId "2114224"]
[BlackFideId "24124621"]
[WhiteElo "2299"]
[BlackElo "2557"]
[Result "1-0"]
[Round "05"]
[TimeControl "180+1"]
[Date "2021.10.05"]
[WhiteClock "0:00:02"]
[BlackClock "0:00:46"]

1. d4 d5 2. Nf3 Nf6 3. Bf4 c5 4. e3 Nc6 5. Nbd2 Nh5 6. dxc5 Nxf4 7. exf4 Qa5 8. Bd3 Qxc5 9. O-O g6 10. Re1 Bg7 11. c3 O-O 12. Ne5 Qd6 13. Ndf3 f6 14. Nxc6 bxc6 15. Qe2 Re8 16. c4 e5 17. fxe5 fxe5 18. cxd5 cxd5 19. Bb5 Re7 20. Rad1 Bb7 21. h4 Rf8 22. Ba4 Kh8 23. Bb3 e4 24. Nd4 Qb6 25. Qe3 Be5 26. g3 Qf6 27. Kg2 Ref7 28. Re2 Ba6 29. Red2 Bd3 30. Nc2 d4 31. Qe1 Qf3+ 32. Kg1 e3 33. Bxf7 Rxf7 34. Kh2 Be4 35. fxe3 Qg4 36. Rg2 d3 37. Nd4 Qxh4+ 38. Kg1 Qh3 39. Qd2 Bxg3 40. Ne6 Bxg2 41. Qc3+ Be5 42. Qxe5+ Kg8 43. Qb8+ Rf8 44. Qxf8# 1-0


[Site "https://www.chess.com"]

[Event "Titled Tuesday Blitz October 5 2021"]
[White "Gontcharov, Vladislav"]
[Black "Stribuk, Artiom"]
[WhiteFideId "4123492"]
[BlackFideId "13515659"]
[WhiteElo "2503"]
[BlackElo "2224"]
[Result "1-0"]
[Round "05"]
[TimeControl "180+1"]
[Date "2021.10.05"]
[WhiteClock "0:00:28"]
[BlackClock "0:00:03"]

1. e4 c5 2. Nf3 Nc6 3. d4 cxd4 4. Nxd4 Nf6 5. Nc3 e5 6. Ndb5 d6 7. Bg5 a6 8. Na3 b5 9. Nd5 Be7 10. Bxf6 Bxf6 11. c4 b4 12. Nc2 O-O 13. h4 a5 14. g3 Be6 15. Bh3 a4 16. Ncxb4 Nxb4 17. Nxb4 Bxc4 18. Rc1 Bb5 19. a3 g6 20. Bf1 Bd7 21. Bc4 Be6 22. Bd5 Rc8 23. Rxc8 Qxc8 24. Bxe6 fxe6 25. O-O Qd7 26. Kg2 Rc8 27. Qd3 Be7 28. Rd1 Qa7 29. Qe2 Qb6 30. Qg4 Kf7 31. h5 g5 32. h6 Rg8 33. Rd3 Rg6 34. Rf3+ Bf6 35. Qh5 Qd4 36. Rc3 Qxe4+ 37. Kh2 Qf5 38. Rc7+ Be7 39. Kg2 Qe4+ 40. Qf3+ Qxf3+ 41. Kxf3 Ke8 42. Nc6 Bf8 43. Rxh7 Rxh6 44. Ra7 Rf6+ 45. Ke2 d5 46. Ra8+ Kf7 47. Nxe5+ Ke7 48. Rxa4 Kd6 49. Nd3 Be7 50. Ra6+ Kc7 51. b4 Kb7 52. Ra5 Bd6 53. Nc5+ Kc6 54. Ra6+ Kc7 55. a4 Bxc5 56. bxc5 g4 57. Rd6 Rf3 58. a5 Ra3 59. a6 Ra2+ 60. Kf1 Rc2 61. Rxe6 Rxc5 62. Rg6 Ra5 63. Rg7+ Kd6 64. Rxg4 Rxa6 65. Rg6+ 1-0


[Site "https://www.chess.com"]

[Event "Titled Tuesday Blitz October 5 2021"]
[White "Gorin, Leonid"]
[Black "Bortnyk, Olexandr"]
[WhiteFideId "4131991"]
[BlackFideId "14120828"]
[WhiteElo "2363"]
[BlackElo "2723"]
[Result "1/2-1/2"]
[Round "05"]
[TimeControl "180+1"]
[Date "2021.10.05"]
[WhiteClock "0:00:48"]
[BlackClock "0:00:12"]

1. e4 Nf6 2. e5 Nd5 3. d4 d6 4. Nf3 dxe5 5. Nxe5 c6 6. Be2 Bf5 7. O-O Nd7 8. Nd3 e6 9. Nd2 Bd6 10. Nf3 O-O 11. c4 N5f6 12. Bg5 h6 13. Bh4 Qc7 14. c5 Be7 15. Bg3 Qc8 16. b4 Ne4 17. Qb3 a5 18. a3 a4 19. Qb2 Nxg3 20. hxg3 Bf6 21. Nde5 Be4 22. Nc4 Qc7 23. Rfd1 b5 24. Nd6 Bd5 25. Ne5 Be7 26. Bf3 Bxd6 27. cxd6 Qxd6 28. Rac1 Rac8 29. Bxd5 Qxd5 30. Nxd7 Qxd7 31. Rc5 Rfd8 32. Qc3 Qd6 33. Rd2 Kh8 34. Rd3 f6 35. Re3 Qxd4 36. Qxd4 Rxd4 37. Rxe6 Rd1+ 38. Kh2 Rd2 39. f3 Ra2 40. Rexc6 Rxc6 41. Rxc6 Rxa3 42. Rc5 Rb3 43. Rxb5 Kh7 44. Rb7 Kg6 45. g4 h5 46. gxh5+ Kxh5 47. b5 g5 48. Ra7 Rxb5 49. Rxa4 Rb2 50. Kg3 Kg6 51. Ra5 Rb3 52. Rc5 Kf7 53. Ra5 Ke6 54. Rc5 Ra3 55. Rb5 Ra6 56. Rc5 Rb6 57. Kg4 Rb4+ 58. Kg3 Rb2 59. Ra5 f5 60. Ra6+ Ke5 61. Ra5+ Ke6 62. Ra6+ Kf7 63. Ra5 Kg6 64. Ra6+ Kh5 65. Kh3 Rb3 66. Ra5 g4+ 67. Kg3 Kg5 68. Rc5 Ra3 69. Rb5 Ra4 70. fxg4 Rxg4+ 71. Kf3 Ra4 72. Kg3 Ra3+ 73. Kf2 Kg4 74. Rb8 Ra2+ 75. Kg1 Ra3 76. Rg8+ Kf4 77. Kf2 Ra2+ 78. Kg1 Rb2 79. Kf1 Rb7 80. Kf2 Rb2+ 81. Kf1 Rc2 82. Kg1 Ke3 83. Re8+ Kf4 84. Rg8 Rc7 85. Kf2 Re7 86. Rg6 Rd7 87. Rg8 Rb7 88. Rg6 Ke4 89. Re6+ Kd5 90. Re8 Rb3 91. Re3 Rb1 92. Kf3 Rf1+ 93. Ke2 Rh1 94. Kf3 Kd4 95. Re8 Rf1+ 96. Ke2 Rf4 97. g3 Re4+ 98. Rxe4+ Kxe4 99. Kf2 f4 100. gxf4 Kxf4 1/2-1/2


[Site "https://www.chess.com"]

[Event "Titled Tuesday Blitz October 5 2021"]
[White "Hambleton, Aman"]
[Black "Novik, Maxim"]
[WhiteFideId "2606577"]
[BlackFideId "4102924"]
[WhiteElo "2552"]
[BlackElo "2316"]
[Result "1-0"]
[Round "05"]
[TimeControl "180+1"]
[Date "2021.10.05"]
[WhiteClock "0:00:05"]
[BlackClock "0:00:04"]

1. d4 Nf6 2. c4 g6 3. Nc3 d5 4. cxd5 Nxd5 5. Bd2 Bg7 6. e4 Nxc3 7. Bxc3 c5 8. d5 Bxc3+ 9. bxc3 e6 10. Bc4 Qf6 11. Qf3 Qg7 12. dxe6 Bxe6 13. Bxe6 fxe6 14. Ne2 Nc6 15. O-O Ne5 16. Qh3 O-O 17. Qxe6+ Kh8 18. Rad1 Rae8 19. Qh3 Nc4 20. Rd7 Re7 21. Rfd1 Rfe8 22. f3 Ne5 23. Rd8 Kg8 24. Nf4 Nf7 25. Rxe8+ Rxe8 26. Qd7 Qe5 27. Nd3 Qe7 28. Qxe7 Rxe7 29. Nxc5 b6 30. Nb3 Rc7 31. Rd3 Ne5 32. Rd8+ Kf7 33. Nd4 Rxc3 34. Rd5 Nd3 35. h4 Rc1+ 36. Kh2 Nf4 37. Rd7+ Kf6 38. Kg3 Nh5+ 39. Kf2 Rd1 40. Ke2 Ra1 41. g4 Nf4+ 42. Ke3 Ng2+ 43. Kf2 Rxa2+ 44. Kg3 g5 45. hxg5+ Kxg5 46. Rd5+ Kg6 47. Rd6+ Kf7 48. Nf5 Ne1 49. Rd7+ Ke8 50. Re7+ Kd8 51. Rxh7 Ra3 52. Nh4 b5 53. g5 b4 54. g6 Ra6 55. g7 Kc7 56. g8=Q+ Kb6 57. Rh6+ Ka5 58. Qa2+ Kb5 59. Qxa6+ 1-0


[Site "https://www.chess.com"]

[Event "Titled Tuesday Blitz October 5 2021"]
[White "Harshavardhan G B"]
[Black "Maghsoodloo, Parham"]
[WhiteFideId "25059009"]
[BlackFideId "12539929"]
[WhiteElo "1825"]
[BlackElo "2601"]
[Result "1/2-1/2"]
[Round "05"]
[TimeControl "180+1"]
[Date "2021.10.05"]
[WhiteClock "0:00:16"]
[BlackClock "0:00:23"]

1. d4 Nf6 2. Nf3 e6 3. Bg5 d5 4. e3 h6 5. Bh4 Nbd7 6. Nbd2 c5 7. c3 Qb6 8. Qc2 Bd6 9. Bd3 O-O 10. O-O Re8 11. Rae1 Qc7 12. Qb1 b6 13. e4 dxe4 14. Nxe4 Nxe4 15. Bxe4 Bb7 16. Bg3 Bxg3 17. hxg3 Rad8 18. Bxb7 Qxb7 19. Re2 cxd4 20. Nxd4 Nc5 21. Rfe1 Rd5 22. b4 Na4 23. Qb3 b5 24. Nxb5 Rxb5 25. Qxa4 Rc8 26. Qb3 a5 27. a3 Rbc5 28. Rxe6 Rxc3 29. Re8+ Kh7 30. Qb1+ g6 31. Rxc8 Qxc8 32. bxa5 Rxa3 33. Qb4 Rc3 34. Re7 Rc1+ 35. Kh2 Qf5 36. Qf4 Qxf4 37. gxf4 Kg7 38. Ra7 Ra1 39. a6 Kf6 40. Kg3 h5 41. Kf3 Ke6 42. g3 f6 43. Ke4 Ra4+ 44. Kd3 Kf5 45. Ra8 Kg4 46. Ke3 Ra3+ 47. Ke4 Ra4+ 48. Kd5 Kf3 49. Ke6 Kxf2 50. f5 gxf5 51. a7 Ra6+ 52. Kxf5 Kf3 53. Kg6 Kxg3 54. Kxh5 Kf4 55. Kg6 f5+ 56. Kf7 Kf3 57. Ke7 f4 58. Kd7 Kf2 59. Kc7 f3 60. Kb7 Ra1 61. Rf8 Kg2 62. Rg8+ Kf1 63. Rg6 f2 64. Ra6 Rxa6 65. Kxa6 Ke1 66. a8=Q f1=Q+ 67. Ka7 Qf7+ 68. Kb8 Qf8+ 69. Ka7 Qxa8+ 70. Kxa8 1/2-1/2


[Site "https://www.chess.com"]

[Event "Titled Tuesday Blitz October 5 2021"]
[White "Hjartarson, Johann"]
[Black "Sadhwani, Raunak"]
[WhiteFideId "2300044"]
[BlackFideId "35093487"]
[WhiteElo "2502"]
[BlackElo "2517"]
[Result "0-1"]
[Round "05"]
[TimeControl "180+1"]
[Date "2021.10.05"]
[WhiteClock "0:00:14"]
[BlackClock "0:00:27"]

1. c4 e5 2. g3 h5 3. Nf3 e4 4. Nh4 Nc6 5. Nc3 Nf6 6. Bg2 g5 7. Nf5 d5 8. cxd5 Bxf5 9. dxc6 b6 10. Qa4 Qe7 11. h4 Bh6 12. d4 gxh4 13. Rxh4 e3 14. fxe3 Bxe3 15. d5 Ng4 16. Bf3 Bf2+ 17. Kf1 Bxg3 18. Rh1 Be5 19. Nb5 Qc5 20. Bxg4 Bxg4 21. Bf4 Qxd5 22. Bxe5 Qxe5 23. Re1 Rh6 24. Kg2 Rg6 0-1


[Site "https://www.chess.com"]

[Event "Titled Tuesday Blitz October 5 2021"]
[White "Horobetz, Graham"]
[Black "Kabanov, Nikolai"]
[WhiteFideId "2047322"]
[BlackFideId "4127820"]
[WhiteElo "2621"]
[BlackElo "2303"]
[Result "1-0"]
[Round "05"]
[TimeControl "180+1"]
[Date "2021.10.05"]
[WhiteClock "0:00:14"]
[BlackClock "0:00:01"]

1. e4 e5 2. Nf3 Nc6 3. Bb5 f5 4. Nc3 fxe4 5. Nxe4 Nf6 6. Nxf6+ Qxf6 7. Qe2 Be7 8. Bxc6 dxc6 9. Nxe5 O-O 10. d4 Bf5 11. O-O Bd6 12. c3 Rae8 13. Bf4 Bd3 14. Qxd3 Qxf4 15. g3 Qf5 16. Qxf5 Rxf5 17. f4 g5 18. fxg5 Rxf1+ 19. Rxf1 Bxe5 20. dxe5 Rxe5 21. h4 Kg7 22. Kg2 Re3 23. Rf2 c5 24. Kh3 b6 25. Kg4 c4 26. Rd2 Re7 27. Rd4 b5 28. Rd5 a6 29. Rc5 Re2 30. Rxc7+ Kg8 31. b3 Rxa2 32. bxc4 Ra4 33. Kh5 Rxc4 34. Ra7 Rc6 35. g4 Kh8 36. Rf7 Rxc3 37. Kh6 Kg8 38. Rg7+ Kf8 39. Kxh7 b4 40. Rb7 b3 41. g6 1-0


[Site "https://www.chess.com"]

[Event "Titled Tuesday Blitz October 5 2021"]
[White "Ibrahimli, Murad"]
[Black "Maly, Alexey"]
[WhiteFideId "13410229"]
[BlackFideId "14103184"]
[WhiteElo "2109"]
[BlackElo "2294"]
[Result "1/2-1/2"]
[Round "05"]
[TimeControl "180+1"]
[Date "2021.10.05"]
[WhiteClock "0:00:10"]
[BlackClock "0:00:34"]

1. Nf3 c5 2. e4 d6 3. d4 cxd4 4. Nxd4 Nf6 5. Nc3 g6 6. Be2 Bg7 7. Be3 O-O 8. g4 Nc6 9. g5 Nd7 10. Qd2 Nxd4 11. Bxd4 Bxd4 12. Qxd4 Qb6 13. Qxb6 Nxb6 14. O-O-O Be6 15. f4 Rac8 16. Rd4 Rc5 17. h4 Rfc8 18. Bd3 a6 19. Rf1 Bc4 20. Kd2 Bxd3 21. cxd3 Kf8 22. h5 Ke8 23. hxg6 hxg6 24. Rb4 R5c6 25. a4 R8c7 26. Rh1 e6 27. Rh8+ Kd7 28. Rb8 Ke7 29. a5 Nd7 30. R8xb7 f6 31. Rxc7 Rxc7 32. gxf6+ Kxf6 33. Rc4 Rxc4 34. dxc4 Nb8 35. b4 Nc6 36. b5 axb5 37. cxb5 Nxa5 38. Kd3 e5 39. Nd5+ Ke6 40. Ke3 Nc4+ 41. Kf3 Nd2+ 42. Ke3 Nc4+ 43. Kd3 Na5 44. b6 exf4 45. Nxf4+ Kd7 46. Nxg6 Kc6 47. e5 dxe5 48. Nxe5+ Kxb6 1/2-1/2


[Site "https://www.chess.com"]

[Event "Titled Tuesday Blitz October 5 2021"]
[White "Isajevsky, Anton"]
[Black "Fier, Alexandr"]
[WhiteFideId "4142500"]
[BlackFideId "2107139"]
[WhiteElo "2510"]
[BlackElo "2569"]
[Result "0-1"]
[Round "05"]
[TimeControl "180+1"]
[Date "2021.10.05"]
[WhiteClock "0:00:01"]
[BlackClock "0:01:00"]

1. c4 Nf6 2. Nc3 c5 3. Nf3 b6 4. g3 Bb7 5. Bg2 e6 6. O-O Be7 7. Re1 O-O 8. e4 d6 9. d3 Nbd7 10. Ng5 a6 11. f4 Qc7 12. g4 b5 13. h4 b4 14. Nb1 d5 15. cxd5 exd5 16. e5 Ne8 17. e6 fxe6 18. Nxe6 Qd6 19. Nxf8 Nxf8 20. h5 Bf6 21. Qf3 Bd4+ 22. Kh1 Nc7 23. Nd2 Nfe6 24. Nf1 Rf8 25. f5 h6 26. Re2 Be5 27. Be3 Nd8 28. Qh3 c4 29. d4 Bf6 30. Rd1 Nc6 31. Qf3 Rd8 32. Nh2 Nb5 33. Qf2 c3 34. Nf3 cxb2 35. Rxb2 Nc3 36. Rc1 Ne4 37. Qe1 Re8 38. Kg1 a5 39. Rbc2 Ng5 40. Nxg5 Bxg5 41. Bxg5 Rxe1+ 42. Rxe1 hxg5 43. Re6 Qf4 44. Rcxc6 Bxc6 45. Rxc6 Qxd4+ 46. Kh1 Qxg4 47. Rd6 Qxh5+ 48. Kg1 Qd1+ 49. Kh2 Qd2 50. Kg1 Qe3+ 51. Kh1 Qe1+ 0-1


[Site "https://www.chess.com"]

[Event "Titled Tuesday Blitz October 5 2021"]
[White "Janaszak, Dawid"]
[Black "De Silva, L M S T"]
[WhiteFideId "1119206"]
[BlackFideId "9953698"]
[WhiteElo "2215"]
[BlackElo "1621"]
[Result "0-1"]
[Round "05"]
[TimeControl "180+1"]
[Date "2021.10.05"]
[WhiteClock "0:00:05"]
[BlackClock "0:00:54"]

1. d4 Nf6 2. Nf3 e6 3. Bf4 d5 4. e3 Bd6 5. Nbd2 O-O 6. Bd3 Bxf4 7. exf4 Qd6 8. Ne5 b6 9. Qe2 c5 10. dxc5 bxc5 11. c3 Bb7 12. O-O Nc6 13. Rfe1 Ne7 14. Ndf3 Qc7 15. Ba6 Rab8 16. Bxb7 Rxb7 17. b3 Nf5 18. g3 Nd6 19. Rac1 Rfb8 20. c4 d4 21. h4 a5 22. Nd2 a4 23. g4 Nd7 24. Nd3 Qc6 25. h5 Ra7 26. h6 axb3 27. axb3 Ra2 28. hxg7 Rxb3 29. Ra1 Rba3 30. Rxa2 Rxa2 31. f5 Nxc4 32. fxe6 fxe6 33. Nc1 Rc2 34. Qf3 Qxf3 35. Nxf3 Kxg7 36. Nd3 Rc3 37. Rd1 e5 38. Ng5 Nf6 39. Ne6+ Kg8 40. g5 Ne4 41. Nexc5 Nxc5 42. Nxc5 Nb2 43. Rb1 Rxc5 44. Rxb2 e4 45. f4 d3 46. Kf2 Rc2+ 0-1


[Site "https://www.chess.com"]

[Event "Titled Tuesday Blitz October 5 2021"]
[White "Jary, Sergey"]
[Black "Budrewicz, Krzysztof"]
[WhiteFideId "14110350"]
[BlackFideId "1127950"]
[WhiteElo "2260"]
[BlackElo "2242"]
[Result "1-0"]
[Round "05"]
[TimeControl "180+1"]
[Date "2021.10.05"]
[WhiteClock "0:01:50"]
[BlackClock "0:01:09"]

1. e4 g6 2. d4 Bg7 3. c4 c5 4. d5 d6 5. Bd3 e6 6. Ne2 Ne7 7. O-O O-O 8. Nbc3 exd5 9. cxd5 a6 10. a4 Nd7 11. Bg5 Ne5 12. Bc2 h6 13. Bh4 g5 14. Bg3 f5 15. f4 Ng4 16. Qd2 fxe4 17. fxg5 e3 18. Qd3 Bf5 19. Qd1 hxg5 20. Ne4 Bxe4 21. Bxe4 Rxf1+ 22. Qxf1 Ne5 23. Nc3 c4 24. Qe2 N7g6 25. Qh5 Qe8 26. Rf1 e2 27. Nxe2 b6 28. Bxe5 Bxe5 29. Bxg6 Qe7 30. Rf7 1-0


[Site "https://www.chess.com"]

[Event "Titled Tuesday Blitz October 5 2021"]
[White "Kamsky, Gata"]
[Black "Yaksin, Oleg"]
[WhiteFideId "2000024"]
[BlackFideId "24105880"]
[WhiteElo "2603"]
[BlackElo "2256"]
[Result "1/2-1/2"]
[Round "05"]
[TimeControl "180+1"]
[Date "2021.10.05"]
[WhiteClock "0:00:10"]
[BlackClock "0:00:11"]

1. e4 c5 2. Nf3 d6 3. Nc3 Nc6 4. Bc4 e6 5. a3 Nf6 6. O-O Be7 7. Ba2 O-O 8. Re1 b6 9. d3 Bb7 10. Ne2 b5 11. Ng3 a5 12. h3 b4 13. a4 Rc8 14. c3 Ba6 15. d4 bxc3 16. bxc3 cxd4 17. cxd4 Nb4 18. Bb1 Qc7 19. Bd2 Rb8 20. Ra3 Rfc8 21. e5 dxe5 22. dxe5 Nfd5 23. Ng5 Nc2 24. Bxc2 Qxc2 25. Rf3 Qxd1 26. Rxd1 Bxg5 27. Bxg5 Rb4 28. Ra3 Rcc4 29. Rda1 Rb2 30. R3a2 Rxa2 31. Rxa2 Nc3 32. Rd2 h6 33. Rd8+ Kh7 34. Bd2 Nxa4 35. Bxa5 Rc5 36. Bb4 Rxe5 37. Rd7 Kg6 38. h4 h5 39. f3 Bb5 40. Rb7 Bc6 41. Rc7 Bd5 42. Bd2 Nb6 43. Bc3 Re3 44. Kf2 Rd3 45. Ne2 Kh7 46. Nf4 Rd1 47. Nxh5 Rc1 48. Be5 Rxc7 49. Bxc7 Na8 50. Bd6 f6 51. Bf8 Kg6 52. Nf4+ Kf7 53. Bc5 Nc7 54. Bb6 Nb5 55. h5 Nd6 56. g4 Bc4 57. Bc5 Nb7 58. Bb4 e5 59. Ng6 Nd8 60. Nh4 Ne6 61. Nf5 Bd3 62. Nd6+ Kg8 63. Ke3 Bh7 64. Ba5 Nf4 65. Bd2 Nd5+ 66. Kf2 Bc2 67. Kg3 Bd3 68. g5 fxg5 69. Bxg5 Nf6 70. h6 Nh7 71. Kh4 Nxg5 72. Kxg5 gxh6+ 73. Kxh6 Be2 74. Kg5 Bxf3 75. Kf5 e4 76. Nxe4 1/2-1/2


[Site "https://www.chess.com"]

[Event "Titled Tuesday Blitz October 5 2021"]
[White "Katz, Alexander"]
[Black "Florescu, Codrut-Constantin"]
[WhiteFideId "2039796"]
[BlackFideId "1202200"]
[WhiteElo "2371"]
[BlackElo "2243"]
[Result "1-0"]
[Round "05"]
[TimeControl "180+1"]
[Date "2021.10.05"]
[WhiteClock "0:00:25"]
[BlackClock "0:00:56"]

1. e4 c5 2. Nc3 e6 3. g3 a6 4. Bg2 b5 5. d3 Bb7 6. Be3 Nf6 7. h3 d5 8. exd5 exd5 9. d4 c4 10. Nf3 Bd6 11. O-O h6 12. Re1 O-O 13. Ne5 Nbd7 14. f4 Nb6 15. g4 b4 16. Ne2 Ne4 17. Bxe4 dxe4 18. Ng3 f6 19. Ng6 Re8 20. Nf5 Bc8 21. d5 Bxf5 22. gxf5 Rb8 23. Kh1 Qd7 24. Bxb6 Qxf5 25. Qg4 Qxg4 26. hxg4 Rxb6 27. f5 Kf7 28. Rad1 a5 29. Rd4 c3 30. b3 e3 31. Kg2 a4 32. Kf3 axb3 33. axb3 Ra6 34. Re2 Ra1 35. Re4 Rxe4 36. Kxe4 Bc5 37. Nf4 Rg1 38. Ne6 Bb6 39. d6 Rxg4+ 40. Kd5 Rg1 41. Kc6 Rd1 42. Kxb6 Rxd6+ 43. Kc5 Rd2 44. Rxe3 Rxc2 45. Kxb4 g6 46. Nd8+ Kf8 47. fxg6 Kg7 48. Rxc3 Rd2 49. Ne6+ Kxg6 50. Kc5 Rb2 51. b4 h5 52. b5 h4 53. b6 Kf5 54. Nd4+ Ke4 55. Nb5 Rg2 56. b7 Rg8 57. Nd6+ 1-0


[Site "https://www.chess.com"]